AoeStats
← MattAtArms

Arabia

518457989Analyzed
1v1 RM · 3d ago on Nov 3, 2026· 32m 43s· 2 players
Game mode
Random Map
Map size
Tiny (2 player)
Population
200
Speed
Normal
Resources
Standard
Victory
Conquest
Starting age
Dark Age
Ending age
Imperial Age
RankedLock teamsTeams togetherTeam positionsShared explorationLock speedFull tech treeHidden civsTurbo modeCheats
Victory
Defeat
🇦🇷 Bengalis · Argentina
2060
+12
vs
🇬🇧 Japanese · United Kingdom
1966
-12
MattAtArms
6:08 Loom
9:07 Feudal Age
9:26 Man-at-Arms
9:52 Double-Bit Axe
10:29 Horse Collar
17:30 Fletching
19:43 Castle Age
18:08 Padded Archer Armor
18:53 Gold Mining
19:58 Crossbowman
20:35 Bodkin Arrow
23:02 Ballistics
23:24 Town Watch
24:14 Wheelbarrow
26:32 Ballistics
31:19 Imperial Age
32:47 Bracer
XEVER | Le Cubeté
6:12 Loom
8:28 Feudal Age
9:25 Double-Bit Axe
12:13 Fletching
20:24 Castle Age
19:48 Gold Mining
20:09 Padded Archer Armor
21:01 Bodkin Arrow
20:27 Crossbowman
20:33 Crossbowman
24:24 Ballistics
Connection lost

Rejoining the realm…

Still unreachable

The connection could not be restored.

Session expired

The server has moved on; the page needs a fresh start.